 Dungeon Crawl Stone Soup version 0.31-a0-431-g88bdf31460 (webtiles) character file.

Game seed: 7985929824430517805

8 holysushi the Cutter (level 2, 20/24 HPs)
             Began as a Demonspawn Monk on July 31, 2023.
             Quit the game on level 1 of the Dungeon.
             The game lasted 00:00:13 (116 turns).

holysushi the Cutter (Demonspawn Monk)               Turns: 116, Time: 00:00:13

Health: 20/24      AC:  2    Str: 11    XL:     2   Next: 0%
Magic:  2/2        EV: 12    Int: 11    God:
Gold:   0          SH:  0    Dex: 15    Spells: 1/1 levels left

rFire   . . .        a - +0 short sword
rCold   . . .        d - orb {light}
rNeg    . . .        b - +0 robe
rPois   .            (no helmet)
rElec   .            (no cloak)
rCorr   .            (no gloves)
SInv    .            (no boots)
Will    .....        (no amulet)
Stlth   +            (no ring)
HPRegen 0.24/turn    (no ring)
MPRegen 0.08/turn

%: no passive effects
@: glowing
A: demonic guardian 1
a: no special abilities


You were on level 1 of the Dungeon.
You visited 1 branch of the dungeon, and saw 1 of its levels.

Inventory:

Hand Weapons
 a - a +0 short sword (weapon)
Armour
 b - a +0 robe (worn)
 d - an orb of light (worn)
Potions
 c - a potion of ambrosia


   Skills:
 - Level 3.0 Fighting
 + Level 3.2 Short Blades
 - Level 2.6 Dodging


You had one spell level left.
You didn't know any spells.
Your spell library contained the following spells:

 Spells                   Type           Power      Damage    Failure   Level
 Foxfire                  Conj/Fire      0%         2x1d4     34%         1


Dungeon Overview and Level Annotations

Branches:
Dungeon (1/15) Zot: 5887

Altars:


Innate Abilities, Weirdness & Mutations

A weak demonic guardian rushes to your aid.


Message History

The frilled lizard bites you.
You hit the frilled lizard.
You kill the frilled lizard!
No target in view!
No target in view!
You see here a frilled lizard corpse.
HP restored.
You see here a bat corpse.
A kobold comes into view. It is wielding a +0 club.
The kobold shouts!
You hear an angry hiss.
A kobold is nearby!
A kobold is nearby!
A ball python comes into view.
There are monsters nearby!
The ball python hisses angrily.
The kobold barely misses you.
There are monsters nearby!
You hit the kobold.
You kill the kobold!
A ball python is nearby!
The ball python barely misses you. The ball python misses you.
A frilled lizard comes into view.
You barely miss the ball python. The ball python bites you.
The ball python barely misses you.
You hit the ball python.
You kill the ball python!
You see here a ball python corpse.
A frilled lizard is nearby!
A frilled lizard is nearby!
You barely miss the frilled lizard. The frilled lizard barely misses you.
You closely miss the frilled lizard. The frilled lizard bites you.
You hit the frilled lizard.
You kill the frilled lizard!
You have reached level 2!
Your demonic ancestry asserts itself...
You feel the presence of a demonic guardian.
You see here a ball python corpse.
Things that are here:
a +0 club; a kobold corpse Are you sure you want to abandon this character and quit the game? (Confirm with "yes".)

##...#.######
###########.#.........
#........#......†.....
#........#..##.†......
#........#..#.........
#........#..#.########
#.....$..#..#.#
#.............#
#.###....@...#.####
.............#.#
#..###..†.....###
......†.#######
###.#.#.# ... ..# ...
#### ..⌠ ..


There were no monsters in sight!

Vanquished Creatures
  2 ball pythons (D:1)
  An endoplasm (D:1)
  A bat (D:1)
  3 frilled lizards (D:1)
  2 kobolds (D:1)
9 creatures vanquished.

Notes
Turn   | Place    | Note
-------+----------+-------------------------------------------
     0 | D:1      | holysushi the Demonspawn Monk began the quest for the Orb.
     0 | D:1      | Reached XP level 1. HP: 18/18 MP: 1/1
    32 | D:1      | Found a faded altar of an unknown god.
    49 | D:1      | Got Plato's Secrets of the Lonely Xeniums
   113 | D:1      | Gained mutation: A weak demonic guardian rushes to your
                  | aid. [demonic ancestry]
   113 | D:1      | Reached XP level 2. HP: 20/24 MP: 2/2
   116 | D:1      | Quit the game

Illustrated notes

Levels and vault maps discovered:
D:1:      roderic_octagonal_star, layout_basic,
          shapermc_ecumenical_altar_rom_forum, hangedman_feature_mirror

Skill      XL: |  1 |
---------------+----+-----
Short Blades   | 3 |  3.2
Fighting       | |  3.0
Dodging        | |  2.6

Action                     || total
---------------------------++-------
  Melee: Short sword       ||    25
 Armour: Robe              ||     3
  Dodge: Dodged            ||    19

Table legend: (Time is in decaauts)
 A = Elapsed time spent in this place.
 B = Non-inter-level travel time spent in this place.
 C = Inter-level travel time spent in this place.
 D = Time resting spent in this place.
 E = Time spent auto-exploring this place.
 F = Levels seen in this place.
 G = Mean time per level.
                   A        B        C        D        E       F      G
               +--------+--------+--------+--------+--------+-----+--------+
         Total |    112 |    112 |      0 |      0 |     60 |   1 |  112.0 |
       Dungeon |    112 |    112 |      0 |      0 |     60 |   1 |  112.0 |
               +--------+--------+--------+--------+--------+-----+--------+

Top non-repeatable levels by time:
     D:1: 112 daAuts
